 Dungeon Crawl Stone Soup version 0.20.1-1-g8b1a95d (webtiles) character file.

2253 Gargoyl the Protected (level 9, -1/78 HPs)
             Began as a Minotaur Abyssal Knight on Oct 18, 2017.
             Was a Priest of Lugonu.
             Slain by a wolf (7 damage)
             ... led by Grum
             ... on level 8 of the Dungeon.
             The game lasted 00:15:49 (9451 turns).

Gargoyl the Protected (Minotaur Abyssal Knight)     Turns: 9451, Time: 00:15:50

Health: -1/78      AC: 15    Str: 19    XL:     9   Next: 15%
Magic:  19/19      EV:  7    Int:  7    God:    Lugonu [***...]
Gold:   313        SH:  0    Dex: 11    Spells: 8/8 levels left

rFire    . . .     SeeInvis .   k - +1 war axe
rCold    . . .     Gourm    .   (no shield)
rNeg     . . .     Faith    .   d - +0 plate armour
rPois    .         Spirit   .   (helmet restricted)
rElec    .         Reflect  .   (no cloak)
rCorr    .         Harm     .   (no gloves)
MR       .....     Clarity  +   e - +0 pair of boots
Stlth    ..........             (no amulet)
Regen    0.3/turn               (no ring)
MPRegen  0.2/turn               f - ring of magical power

@: no status effects
A: retaliatory headbutt, horns 2, clarity, dopey 1, low mp 1
a: Depart the Abyss, Bend Space, Banish, Renounce Religion


You were on level 8 of the Dungeon.
You worshipped Lugonu.
Lugonu was most pleased with you.
You were not hungry.

You visited 1 branch of the dungeon, and saw 8 of its levels.
You visited the Abyss 1 time.
You also visited: Sewer.

You collected 313 gold pieces.

Inventory:

Hand Weapons
 a - a +2 hand axe
 k - a +1 war axe (weapon)
Armour
 d - a +0 plate armour (worn)
 e - a +0 pair of boots (worn)
Jewellery
 f - a ring of magical power (right hand)
 p - an uncursed ring of ice
 w - a +6 ring of evasion {unknown}
Wands
 j - a wand of flame (48/48)
 o - a wand of enslavement (10/24)
Scrolls
 g - a scroll of amnesia
 h - 6 scrolls of remove curse
 i - 5 scrolls of identify
 r - a scroll of fear
 s - 2 scrolls of teleportation
 u - a scroll of fog
 v - a scroll of recharging
Potions
 q - a potion of brilliance
Books
 l - a book of Necromancy

   Spells                             Type                      Level
   a - Pain                           Necromancy                   1
   b - Animate Skeleton               Necromancy                   1
   c - Vampiric Draining              Necromancy                   3
   d - Regeneration                   Charms/Necromancy            3
   e - Animate Dead                   Necromancy                   4
   f - Control Undead                 Necromancy                   4
 n - a book of Changes

   Spells                             Type                      Level
   a - Beastly Appendage              Transmutation                1
   b - Sticks to Snakes               Transmutation                2
   c - Spider Form                    Transmutation/Poison         3
   d - Ice Form                       Ice/Transmutation            4
   e - Blade Hands                    Transmutation                5
Comestibles
 b - a fruit
 c - 4 bread rations
 m - a royal jelly
 t - a chunk of flesh


   Skills:
 + Level 6.6 Fighting
 + Level 7.9 Axes
 * Level 9.7 Armour
 + Level 2.1 Dodging
 * Level 4.9 Invocations


You had 8 spell levels left.
You didn't know any spells.

Dungeon Overview and Level Annotations

Branches:
Dungeon (8/15)             Temple (0/1) D:6
   Lair: D:8-11

Altars:
Dithmenos
Fedhas
Hepliaklqana
Trog
Vehumet
Xom
Yredelemnul

Annotations:
D:6 Eruantan's ghost, novice DsNe
D:8 Grum


Innate Abilities, Weirdness & Mutations

You reflexively headbutt those who attack you in melee.
You have a pair of horns on your head.
You possess an exceptional clarity of mind.
You are dopey. (Int -2)
Your magical capacity is low. (-10% MP)


Message History

You headbutt the wolf, but do no damage.
The wolf bites you. Grum hits you from afar with a halberd!
You closely miss the wolf.
The wolf is almost dead.
The wolf closely misses you. The wolf bites you.
Grum hits you from afar with a halberd.
* * * LOW HITPOINT WARNING * * *
You hit the wolf.
The wolf is almost dead.
The wolf bites you.
* * * LOW HITPOINT WARNING * * *
Grum hits you from afar with a halberd!
* * * LOW HITPOINT WARNING * * *
The wolf barely misses you.
Grum bares his teeth.
Okay, then.
Press: ? - help, Shift-Dir - straight line, f - wolf
Aim: a wolf (almost dead, chance to defeat MR: 83%)
You fail to use your ability.
The wolf bites you!
You die...

###############..
#.......@hg.hh..#
####.#############..
##...#..(.#
##...#.###.#
#......# #.######
#......# #......#
####.....## ######.#
......<.## #.#
####.#### #.#
#######


You could see Grum and 3 wolves.

Vanquished Creatures
  A water moccasin (D:5)
  An ice beast (D:8)
  An orc warrior (D:6)
  Purgy (Sewer)
  A phantom (D:4)
  2 sky beasts
  2 ogres
  A crocodile (D:8)
  Blork the orc (D:5)
  3 bullfrogs
  A wyvern skeleton (D:8)
  3 killer bees (D:5)
  2 howler monkeys
  A bullfrog zombie (D:6)
  A crimson imp (D:6)
  6 orc priests
  3 hounds
  A jelly (D:6)
  A bullfrog skeleton (D:7)
  2 orc wizards (D:7)
  An iguana (D:8)
  4 worker ants
  A hound zombie (D:5)
  A worker ant zombie (D:5)
  3 gnolls (D:7)
  8 adders
  A river rat (D:6)
  A shadow imp (D:7)
  2 oozes
  3 worms
  An adder skeleton (D:5)
  An adder zombie (D:8)
  A dart slug (D:3)
  7 leopard geckos
  19 orcs
  3 ball pythons (Sewer)
  8 giant cockroaches
  7 hobgoblins
  7 jackals
  5 kobolds
  2 quokkas (D:7)
  7 bats
  7 frilled lizards
  8 goblins
  A leopard gecko skeleton (D:4)
  A leopard gecko zombie (D:5)
  A quokka skeleton (D:8)
  A quokka zombie (D:7)
  6 rats
153 creatures vanquished.

Vanquished Creatures (others)
  5 dream sheep (D:6)
5 creatures vanquished.

Grand Total: 158 creatures vanquished

Notes
Turn   | Place    | Note
-------+----------+-------------------------------------------
     0 | Abyss:1  | Gargoyl the Minotaur Abyssal Knight began the quest for the Orb.
     0 | Abyss:1  | Reached XP level 1. HP: 19/19 MP: 1/1
    47 | Abyss:2  | Found a corrupted altar of Lugonu.
    64 | Abyss:2  | Noticed a small abomination
   156 | Abyss:2  | Noticed a starcursed mass
   158 | D:1      | Escaped the Abyss
   359 | D:1      | Reached XP level 2. HP: 27/27 MP: 1/2
   725 | D:1      | Found a bloodstained altar of Trog.
   801 | D:1      | Reached XP level 3. HP: 33/33 MP: 3/3
   942 | D:2      | Reached skill level 3 in Armour
  1178 | D:2      | Reached * piety under Lugonu
  1413 | D:2      | Reached XP level 4. HP: 31/41 MP: 4/4
  2205 | D:3      | Reached skill level 4 in Armour
  2205 | D:3      | Reached XP level 5. HP: 23/47 MP: 5/5
  3092 | D:4      | Reached ** piety under Lugonu
  3256 | D:4      | Found a hazy altar of Hepliaklqana.
  3302 | D:4      | Reached skill level 5 in Fighting
  3304 | D:4      | Noticed a phantom
  3344 | D:4      | Killed a phantom
  3344 | D:4      | Reached skill level 5 in Armour
  3344 | D:4      | Reached XP level 6. HP: 39/56 MP: 7/7
  3482 | D:4      | Reached skill level 5 in Axes
  4135 | D:5      | Entered Level 5 of the Dungeon
  4264 | D:5      | Noticed a water moccasin
  4274 | D:5      | Killed a water moccasin
  4274 | D:5      | Reached skill level 6 in Armour
  4274 | D:5      | Reached XP level 7. HP: 48/61 MP: 8/8
  4444 | D:5      | Found a basalt altar of Yredelemnul.
  4473 | D:5      | Gained mutation: You have an increased reservoir of magic. (+10% MP) [mutagenic meat]
  4474 | D:5      | Gained mutation: You are frail. (-10% HP) [mutagenic meat]
  4475 | D:5      | Gained mutation: You expend magic power (3 MP) to strengthen your wands. [mutagenic meat]
  4664 | D:5      | Found a shadowy altar of Dithmenos.
  4780 | D:5      | HP: 2/54 [killer bee (6)]
  5009 | D:5      | Noticed Blork the orc
  5029 | D:5      | Killed Blork the orc
  5029 | D:5      | Reached skill level 7 in Armour
  5749 | D:6      | Reached XP level 8. HP: 57/63 MP: 10/10
  5846 | D:6      | Noticed Eruantan's ghost (novice DsNe)
  6170 | D:6      | Found a glowing drain.
  6194 | Sewer    | Entered a sewer
  6235 | Sewer    | Noticed Purgy
  6255 | Sewer    | Killed Purgy
  6626 | D:6      | Found a staircase to the Ecumenical Temple.
  6735 | D:6      | Found a shimmering altar of Xom.
  6735 | D:6      | Noticed a dream sheep
  6735 | D:6      | Noticed a dream sheep
  6735 | D:6      | Noticed a dream sheep
  6735 | D:6      | Noticed a dream sheep
  6735 | D:6      | Noticed a dream sheep
  6741 | D:6      | Killed a dream sheep
  6741 | D:6      | Killed a dream sheep
  6741 | D:6      | Killed a dream sheep
  6741 | D:6      | Killed a dream sheep
  6742 | D:6      | Killed a dream sheep
  6924 | D:7      | Reached skill level 8 in Armour
  7429 | D:7      | Reached *** piety under Lugonu
  7488 | D:6      | Lost mutation: You have an increased reservoir of magic. (+10% MP) [potion of mutation]
  7488 | D:6      | Lost mutation: You expend magic power (3 MP) to strengthen your wands. [potion of mutation]
  7488 | D:6      | Lost mutation: You are frail. (-10% HP) [potion of mutation]
  7488 | D:6      | Gained mutation: Your magical capacity is low. (-10% MP) [potion of mutation]
  7488 | D:6      | Gained mutation: You are dopey. (Int -2) [potion of mutation]
  7488 | D:6      | Gained mutation: You possess an exceptional clarity of mind. [potion of mutation]
  7844 | D:6      | Found a blossoming altar of Fedhas.
  7844 | D:6      | Found a radiant altar of Vehumet.
  8122 | D:7      | Reached skill level 9 in Armour
  8517 | D:8      | Reached XP level 9. HP: 45/78 MP: 10/10
  8689 | D:8      | Noticed a two-headed ogre
  9435 | D:8      | Noticed Grum
  9451 | D:8      | Slain by a wolf

Skill      XL: |  1  2  3  4  5  6  7  8 |
---------------+-------------------------+-----
Fighting       | 4 5 6 |  6.6
Invocations    | 2 3 4 |  4.9
Axes           | 3 4 5 6 7 |  7.9
Armour         | 3 4 5 6 7 9 |  9.7
Dodging        | 2 |  2.1

Action                   |  1- 3 |  4- 6 |  7- 9 || total
-------------------------+-------+-------+-------++-------
Melee: Hand axe          |    97 |   203 |    99 ||   399
       Headbutt          |     8 |    24 |    57 ||    89
       War axe           |       |       |   251 ||   251
Invok: Depart the Abyss  |     1 |       |       ||     1
Evoke: Wand              |       |       |     1 ||     1
  Use: Scroll            |     3 |     8 |     7 ||    18
       Potion            |     1 |     1 |    10 ||    12
  Eat: Chunk             |     1 |    10 |    20 ||    31
Armor: Plate armour      |    96 |   159 |   324 ||   579
       Skin              |       |       |    25 ||    25
Dodge: Dodged            |    34 |    55 |   154 ||   243
